[Event "FIDE Women World Rapid 2024"]
[Site "New York"]
[Date "2024.12.27"]
[Round "7.1"]
[White "Kosteniuk, Alexandra"]
[Black "Ju, Wenjun"]
[Result "1/2-1/2"]
[ECO "C56"]
[WhiteElo "2484"]
[BlackElo "2563"]
[Annotator "ChessBase"]
[PlyCount "58"]
[EventDate "2024.12.14"]
[EventType "swiss"]
[EventCountry "USA"]
[SourceTitle "playchess.com"]
[Source "ChessBase"]
[SourceQuality "1"]
[TimeControl "900+10"]

1. e4 e5 2. Nf3 Nc6 3. Bc4 Nf6 4. d4 exd4 5. e5 d5 6. Bb5 Ne4 7. Nxd4 Bc5 8. Be3 O-O 9. Nxc6 bxc6 10. Bxc5 Nxc5 11. Bxc6 Rb8 12. Qxd5 Qe7 13. O-O Rxb2 14. Nc3 Rxc2 15. Qd4 Ne6 16. Qd3 Rb2 17. Nd5 Qc5 18. Rac1 Qd4 19. Qa3 Qxe5 20. Ne7+ Kh8 21. Nxc8 Rxc8 22. Bd7 Rcb8 23. Bxe6 Qxe6 24. Qxa7 Qxa2 25. Qxa2 Rxa2 26. Rxc7 Kg8 27. Rfc1 g6 28. Rc8+ Rxc8 29. Rxc8+ Kg7 1/2-1/2

[Event "FIDE Women World Rapid 2024"]
[Site "New York"]
[Date "2024.12.27"]
[Round "7.1"]
[White "Yu, Jennifer"]
[Black "Peycheva, Gergana"]
[Result "1/2-1/2"]
[ECO "A35"]
[WhiteElo "2283"]
[BlackElo "2212"]
[Annotator "ChessBase"]
[PlyCount "107"]
[EventDate "2024.12.14"]
[EventType "swiss"]
[EventCountry "USA"]
[SourceTitle "playchess.com"]
[Source "ChessBase"]
[SourceQuality "1"]
[TimeControl "900+10"]

1. c4 c5 2. Nf3 Nc6 3. Nc3 g6 4. e3 Nf6 5. d4 cxd4 6. Nxd4 Bg7 7. Be2 O-O 8. O-O d5 9. cxd5 Nxd5 10. Nxc6 bxc6 11. Na4 Nb4 12. Bd2 Rb8 13. Bc3 Be6 14. Nc5 Qxd1 15. Rfxd1 Bxc3 16. bxc3 Nd5 17. Nxe6 fxe6 18. Bg4 Kf7 19. c4 Nf6 20. Bf3 Rb4 21. Bxc6 Rxc4 22. Bb5 Rc5 23. a4 Rfc8 24. h3 Ne4 25. Rd4 Nc3 26. Rf4+ Kg7 27. Bf1 Rb8 28. Rd4 Kf6 29. a5 Nd5 30. e4 Nc7 31. a6 Rb6 32. Rd8 e5 33. Rc8 Kg7 34. Rd1 Rbc6 35. Rb8 Nxa6 36. Rb7 Nc7 37. Rxa7 Rc1 38. Rxc1 Rxc1 39. f3 Kf7 40. Kf2 Ne6 41. Ra5 Kf6 42. Ra6 Kf7 43. Ra4 Nd4 44. Bc4+ Kg7 45. Bd3 Ne6 46. Ra5 Nf4 47. Bf1 Kf6 48. Ra6+ Kg7 49. Ra7 Kf6 50. Ra6+ Kf7 51. Ra5 Kf6 52. Ra6+ Kf7 53. Ra5 Kf6 54. Ra6+ 1/2-1/2

[Event "FIDE Women World Rapid 2024"]
[Site "New York"]
[Date "2024.12.27"]
[Round "7.2"]
[White "Lagno, Kateryna"]
[Black "Assaubayeva, Bibisara"]
[Result "1/2-1/2"]
[ECO "B23"]
[WhiteElo "2515"]
[BlackElo "2492"]
[Annotator "ChessBase"]
[PlyCount "73"]
[EventDate "2024.12.14"]
[EventType "swiss"]
[EventCountry "USA"]
[SourceTitle "playchess.com"]
[Source "ChessBase"]
[SourceQuality "1"]
[TimeControl "900+10"]

1. e4 c5 2. Nc3 a6 3. Nge2 d6 4. g3 b5 5. Bg2 Bb7 6. a4 b4 7. Nd5 e6 8. Ne3 Nf6 9. d3 Nc6 10. O-O Be7 11. c4 Qc7 12. f4 a5 13. b3 Nd7 14. f5 Bf6 15. Ra2 O-O-O 16. Ng4 Bd4+ 17. Nxd4 Nxd4 18. fxe6 fxe6 19. Bg5 Rdf8 20. Raf2 Rxf2 21. Rxf2 h6 22. Bc1 Qd8 23. h4 h5 24. Bg5 Qe8 25. Ne3 Ne5 26. Bh3 Kb8 27. Ng2 g6 28. Be3 Nec6 29. Nf4 Bc8 30. Ne2 Rf8 31. Bxd4 cxd4 32. Qf1 Rxf2 33. Qxf2 e5 34. Bxc8 Kxc8 35. Qf6 Kd7 36. Kg2 Qe6 37. Qf3 1/2-1/2

[Event "FIDE Women World Rapid 2024"]
[Site "New York"]
[Date "2024.12.27"]
[Round "7.2"]
[White "Injac, Teodora"]
[Black "Beydullayeva, Govhar"]
[Result "1/2-1/2"]
[ECO "A14"]
[WhiteElo "2441"]
[BlackElo "2404"]
[Annotator "ChessBase"]
[PlyCount "111"]
[EventDate "2024.12.14"]
[EventType "swiss"]
[EventCountry "USA"]
[SourceTitle "playchess.com"]
[Source "ChessBase"]
[SourceQuality "1"]
[TimeControl "900+10"]

1. Nf3 d5 2. g3 Nf6 3. Bg2 e6 4. O-O Be7 5. c4 O-O 6. b3 c5 7. e3 Nc6 8. Bb2 d4 9. exd4 cxd4 10. Re1 Re8 11. a3 a5 12. d3 h6 13. Nbd2 Bc5 14. Ne5 Nxe5 15. Rxe5 Nd7 16. Re2 e5 17. Qe1 Ra6 18. Nf3 Rae6 19. b4 Bf8 20. Qd2 g6 21. Rae1 Bg7 22. Qc2 Nb6 23. Nd2 R6e7 24. h3 Kh7 25. bxa5 Nd7 26. Ne4 Nf6 27. Nxf6+ Bxf6 28. Qd2 Qc7 29. Bc1 Bg7 30. Qb4 f5 31. Bd2 e4 32. dxe4 d3 33. Re3 Bd4 34. Rxd3 Bc5 35. Qb2 fxe4 36. Rd5 e3 37. fxe3 Be6 38. Rxc5 Qxc5 39. Bb4 Qxc4 40. Bxe7 Rxe7 41. Qd4 Qc7 42. Kh2 Qxa5 43. Qb4 Qxb4 44. axb4 Rc7 45. Rd1 Rc2 46. Kg1 Rb2 47. Rd6 Bc4 48. Rb6 Rb1+ 49. Kh2 Rb2 50. Rxb7+ Kh8 51. Rb8+ Kg7 52. Kg1 Rb1+ 53. Kh2 Rb2 54. Kg1 Rb1+ 55. Kf2 Rb2+ 56. Kg1 1/2-1/2

[Event "FIDE Women World Rapid 2024"]
[Site "New York"]
[Date "2024.12.27"]
[Round "7.3"]
[White "Lei, Tingjie"]
[Black "Garifullina, Leya"]
[Result "1-0"]
[ECO "B51"]
[WhiteElo "2549"]
[BlackElo "2451"]
[Annotator "ChessBase"]
[PlyCount "107"]
[EventDate "2024.12.14"]
[EventType "swiss"]
[EventCountry "USA"]
[SourceTitle "playchess.com"]
[Source "ChessBase"]
[SourceQuality "1"]
[TimeControl "900+10"]

1. e4 c5 2. Nf3 d6 3. Bb5+ Nd7 4. O-O a6 5. Bxd7+ Bxd7 6. c3 Nf6 7. Re1 e6 8. d4 Be7 9. e5 dxe5 10. dxe5 Nd5 11. c4 Nb6 12. Qe2 Bc6 13. Nc3 O-O 14. Ne4 Qc7 15. Bf4 Bxe4 16. Qxe4 h6 17. h4 Rfd8 18. Be3 Bf8 19. g4 Qc6 20. Qxc6 bxc6 21. b3 a5 22. Nd2 a4 23. Ne4 Nd7 24. f4 Rdb8 25. Rad1 Ra7 26. Rd3 axb3 27. axb3 Be7 28. h5 Kf8 29. Kg2 Ke8 30. Kf3 Ra3 31. Nd2 Rb7 32. Rd1 Nb8 33. g5 Na6 34. gxh6 gxh6 35. Rg1 f5 36. exf6 Bxf6 37. Rg6 Kf7 38. Rxh6 Bg7 39. Rg6 Nb4 40. Rd6 Nc2 41. Bxc5 Ra1 42. Ne4 Rxb3+ 43. Kg4 Ne3+ 44. Bxe3 Rxe3 45. Ng5+ Ke7 46. Rdxe6+ Rxe6 47. Rxe6+ Kd7 48. h6 Bb2 49. h7 Rh1 50. Kf5 Bc3 51. Re3 Bb2 52. Kg6 Kd6 53. f5 Bc1 54. Rh3 1-0

[Event "FIDE Women World Rapid 2024"]
[Site "New York"]
[Date "2024.12.27"]
[Round "7.3"]
[White "Skripchenko, Almira"]
[Black "Mamedjarova, Zeinab"]
[Result "0-1"]
[ECO "B01"]
[WhiteElo "2364"]
[BlackElo "2145"]
[Annotator "ChessBase"]
[PlyCount "72"]
[EventDate "2024.12.14"]
[EventType "swiss"]
[EventCountry "USA"]
[SourceTitle "playchess.com"]
[Source "ChessBase"]
[SourceQuality "1"]
[TimeControl "900+10"]

1. e4 d5 2. exd5 Qxd5 3. Nc3 Qd8 4. d4 Nf6 5. Bg5 e6 6. Nf3 Be7 7. Bd3 O-O 8. Qe2 Nbd7 9. O-O-O Nd5 10. Ne4 Nb4 11. a3 Nxd3+ 12. Rxd3 b6 13. Bd2 Ba6 14. h4 Nf6 15. Nfg5 Qd5 16. f3 Rfd8 17. Be3 Qa2 18. Nc3 Qa1+ 19. Nb1 c5 20. Re1 cxd4 21. Bf2 Rac8 22. Qd2 Bxd3 23. Qxd3 Rc7 24. Bg3 Rc6 25. Be5 h6 26. Ne4 Nd7 27. Qxd4 Nc5 28. Qc4 Nd3+ 29. cxd3 Rxc4+ 30. dxc4 Bxa3 31. Bc3 Be7 32. g3 Qa4 33. Ned2 Bb4 34. Bxb4 Qxb4 35. Re3 Qc5 36. Rc3 Qg1+ 0-1

[Event "FIDE Women World Rapid 2024"]
[Site "New York"]
[Date "2024.12.27"]
[Round "7.4"]
[White "Koneru, Humpy"]
[Black "Munkhzul, Turmunkh"]
[Result "1-0"]
[ECO "E60"]
[WhiteElo "2523"]
[BlackElo "2301"]
[Annotator "ChessBase"]
[PlyCount "57"]
[EventDate "2024.12.14"]
[EventType "swiss"]
[EventCountry "USA"]
[SourceTitle "playchess.com"]
[Source "ChessBase"]
[SourceQuality "1"]
[TimeControl "900+10"]

1. d4 Nf6 2. Nf3 g6 3. e3 Bg7 4. Be2 O-O 5. O-O d6 6. b3 Nbd7 7. Bb2 c6 8. c4 Qc7 9. Nc3 Re8 10. b4 e5 11. dxe5 dxe5 12. Nd2 Nf8 13. c5 Rd8 14. Qc1 Bg4 15. Bxg4 Nxg4 16. Nce4 Ne6 17. Nf3 b5 18. Bc3 f5 19. Nd6 e4 20. Nd4 Nf8 21. Qc2 Rd7 22. a4 Rb8 23. axb5 cxb5 24. Ra6 Be5 25. h3 Bxd6 26. cxd6 Qb7 27. Qa2+ Rf7 28. hxg4 fxg4 29. Nc6 1-0

[Event "FIDE Women World Rapid 2024"]
[Site "New York"]
[Date "2024.12.27"]
[Round "7.4"]
[White "Kiolbasa, Oliwia"]
[Black "Kaliakhmet, Elnaz"]
[Result "1-0"]
[ECO "B31"]
[WhiteElo "2371"]
[BlackElo "2113"]
[Annotator "ChessBase"]
[PlyCount "57"]
[EventDate "2024.12.14"]
[EventType "swiss"]
[EventCountry "USA"]
[SourceTitle "playchess.com"]
[Source "ChessBase"]
[SourceQuality "1"]
[TimeControl "900+10"]

1. e4 c5 2. Nf3 Nc6 3. Bb5 g6 4. d3 Bg7 5. Nc3 Nd4 6. Bc4 e6 7. Nxd4 cxd4 8. Ne2 d5 9. exd5 exd5 10. Bb3 Ne7 11. O-O O-O 12. Nf4 Qd6 13. Qf3 Be6 14. Re1 Rad8 15. Bd2 Nc6 16. h3 b5 17. a4 b4 18. a5 a6 19. Re2 Qc5 20. Ra4 Qd6 21. Qg3 Be5 22. Qh4 Rfe8 23. Ra1 Qc7 24. Rae1 Bd7 25. Nxd5 Qd6 26. Bg5 Rc8 27. Rxe5 Rxe5 28. Rxe5 Qxe5 29. Nf6+ 1-0

[Event "FIDE Women World Rapid 2024"]
[Site "New York"]
[Date "2024.12.27"]
[Round "7.5"]
[White "Dronavalli, Harika"]
[Black "Zhu, Chen"]
[Result "1-0"]
[ECO "A20"]
[WhiteElo "2489"]
[BlackElo "2423"]
[Annotator "ChessBase"]
[PlyCount "117"]
[EventDate "2024.12.14"]
[EventType "swiss"]
[EventCountry "USA"]
[SourceTitle "playchess.com"]
[Source "ChessBase"]
[SourceQuality "1"]
[TimeControl "900+10"]

1. Nf3 d6 2. g3 e5 3. Bg2 g6 4. c4 Bg7 5. d4 e4 6. Ng5 f5 7. h4 h6 8. Nh3 c6 9. Nf4 Ne7 10. d5 Na6 11. Nc3 O-O 12. Be3 c5 13. Qd2 Nc7 14. f3 exf3 15. Bxf3 Kh7 16. Qd3 Qe8 17. Bd2 a6 18. a4 Rb8 19. a5 b5 20. axb6 Rxb6 21. Na4 Rb8 22. Ba5 Na8 23. Bc3 Bxc3+ 24. Qxc3 Nb6 25. Nxb6 Rxb6 26. O-O Qf7 27. e4 Qg7 28. Rae1 Rxb2 29. e5 Rb8 30. Qa1 dxe5 31. Qxe5 Qxe5 32. Rxe5 Ng8 33. d6 Rd8 34. Rd1 Rb3 35. Kf2 g5 36. hxg5 hxg5 37. Ne6 Bxe6 38. Rxe6 Rb6 39. Rd5 g4 40. Be2 Kg7 41. Bd3 Nf6 42. Rxf5 Rdxd6 43. Rxd6 Rxd6 44. Ke3 Re6+ 45. Kf4 Rd6 46. Ke3 Re6+ 47. Kf4 Rd6 48. Ke3 Re6+ 49. Kd2 Rd6 50. Kc3 Rc6 51. Re5 Kf7 52. Bf5 a5 53. Kb3 Nh5 54. Re3 Nf6 55. Ka4 Rb6 56. Kxa5 Rb2 57. Be6+ Kg6 58. Ka6 Kh6 59. Ka5 1-0

[Event "FIDE Women World Rapid 2024"]
[Site "New York"]
[Date "2024.12.27"]
[Round "7.5"]
[White "Heinemann, Josefine"]
[Black "Toncheva, Nadya"]
[Result "1/2-1/2"]
[ECO "B30"]
[WhiteElo "2305"]
[BlackElo "2298"]
[Annotator "ChessBase"]
[PlyCount "167"]
[EventDate "2024.12.14"]
[EventType "swiss"]
[EventCountry "USA"]
[SourceTitle "playchess.com"]
[Source "ChessBase"]
[SourceQuality "1"]
[TimeControl "900+10"]

1. e4 c5 2. Nf3 Nc6 3. Bb5 e6 4. O-O Nge7 5. d4 cxd4 6. Nxd4 a6 7. Be2 Nxd4 8. Qxd4 Nc6 9. Qc3 Qa5 10. Qxa5 Nxa5 11. c4 Be7 12. Nc3 d6 13. Na4 Bd7 14. Nb6 Rd8 15. Nxd7 Rxd7 16. Be3 Bf6 17. Rab1 O-O 18. Rfd1 Rc8 19. b3 Kf8 20. f4 Ke8 21. g4 Nc6 22. g5 Bc3 23. a3 g6 24. Rd3 Bg7 25. Rbd1 Bb2 26. b4 a5 27. e5 axb4 28. axb4 d5 29. b5 Ne7 30. Rb1 d4 31. Rxb2 dxe3 32. Rxe3 Rd4 33. Rh3 Rxf4 34. Rxh7 Rd4 35. Ra2 Rc5 36. Ra8+ Kd7 37. Rxf7 Rxe5 38. Bf3 Rxg5+ 39. Kf2 Rf5 40. Rxf5 Nxf5 41. c5 Rd2+ 42. Ke1 Rc2 43. c6+ bxc6 44. bxc6+ Kd6 45. Rd8+ Ke5 46. Rd2 Rc3 47. Bg2 Nd4 48. Kf2 Nxc6 49. Re2+ Kf6 50. Re3 Rc2+ 51. Re2 Rc1 52. Re1 Rc5 53. Bxc6 Rxc6 54. h4 Kf5 55. Re3 e5 56. Kf3 e4+ 57. Kg3 Rd6 58. Re1 Rd3+ 59. Kg2 Kf4 60. Rf1+ Rf3 61. Ra1 Rg3+ 62. Kh2 e3 63. Ra8 Rg4 64. Kh3 Rg1 65. Rf8+ Ke4 66. Kh2 Ra1 67. Re8+ Kf3 68. Rf8+ Kg4 69. Re8 Ra2+ 70. Kg1 e2 71. Kf2 Kxh4 72. Re4+ Kg5 73. Re3 Kh4 74. Re4+ Kh5 75. Re3 g5 76. Rh3+ Kg4 77. Rg3+ Kh4 78. Re3 g4 79. Re4 Kh3 80. Re8 g3+ 81. Ke1 g2 82. Rh8+ Kg3 83. Rg8+ Kh2 84. Rxg2+ 1/2-1/2

[Event "FIDE Women World Rapid 2024"]
[Site "New York"]
[Date "2024.12.27"]
[Round "7.6"]
[White "Yip, Carissa"]
[Black "Lee, Alice"]
[Result "1-0"]
[ECO "B58"]
[WhiteElo "2432"]
[BlackElo "2398"]
[Annotator "ChessBase"]
[PlyCount "105"]
[EventDate "2024.12.14"]
[EventType "swiss"]
[EventCountry "USA"]
[SourceTitle "playchess.com"]
[Source "ChessBase"]
[SourceQuality "1"]
[TimeControl "900+10"]

1. e4 c5 2. Nf3 Nc6 3. d4 cxd4 4. Nxd4 Nf6 5. Nc3 e5 6. Ndb5 d6 7. Be2 a6 8. Na3 b5 9. Nd5 Be7 10. Be3 Rb8 11. c4 b4 12. Nxf6+ gxf6 13. Nc2 f5 14. exf5 Bxf5 15. Bf3 Qc7 16. O-O Bf6 17. Re1 Bg7 18. c5 Rd8 19. cxd6 Rxd6 20. Qc1 Qa5 21. Na3 bxa3 22. Bxc6+ Bd7 23. b4 Qc7 24. Bxd7+ Rxd7 25. Qxa3 Qb7 26. Bc5 f6 27. Rad1 Bf8 28. Rxd7 Kxd7 29. Qh3+ Kc7 30. Bxf8 Rxf8 31. Qxh7+ Kb8 32. Qxb7+ Kxb7 33. Rd1 Kc6 34. a3 Kb5 35. Rd5+ Kc4 36. Ra5 Rd8 37. h4 Rd6 38. h5 e4 39. g4 Rd1+ 40. Kg2 Rd2 41. Kg3 Rd3+ 42. Kf4 Kd4 43. Kf5 Rf3+ 44. Kg6 Rxf2 45. Rxa6 e3 46. Re6 Rf4 47. h6 Rxg4+ 48. Kxf6 Rf4+ 49. Kg5 Rf1 50. h7 Rg1+ 51. Kh6 Rh1+ 52. Kg7 Rg1+ 53. Rg6 1-0

[Event "FIDE Women World Rapid 2024"]
[Site "New York"]
[Date "2024.12.27"]
[Round "7.6"]
[White "Uuriintuya, Uurtsaikh"]
[Black "Mungunzul, Bat-Erdene"]
[Result "0-1"]
[ECO "C90"]
[WhiteElo "2187"]
[BlackElo "2268"]
[Annotator "ChessBase"]
[PlyCount "90"]
[EventDate "2024.12.14"]
[EventType "swiss"]
[EventCountry "USA"]
[SourceTitle "playchess.com"]
[Source "ChessBase"]
[SourceQuality "1"]
[TimeControl "900+10"]

1. e4 e5 2. Nf3 Nc6 3. Bb5 a6 4. Ba4 Nf6 5. d3 b5 6. Bb3 Be7 7. O-O d6 8. c3 O-O 9. Re1 Nb8 10. Nbd2 Nbd7 11. Nf1 Nc5 12. Bc2 Re8 13. d4 Ncd7 14. Ng3 Bf8 15. Nf5 Bb7 16. d5 Nb6 17. a4 c6 18. dxc6 Bxc6 19. axb5 axb5 20. Bg5 Rxa1 21. Qxa1 Nbd7 22. Nd2 h6 23. Bh4 Qb6 24. Bb3 Ra8 25. Qb1 g6 26. Ne3 Bg7 27. f3 Nc5 28. Bc2 Qa7 29. c4 b4 30. Nb3 Nfd7 31. Bf2 Qa6 32. Qd1 Bf8 33. Qd2 Qa2 34. Qxb4 Rb8 35. Qa5 Qxb2 36. Rb1 Nxb3 37. Qa6 Qc3 38. Rxb3 Rxb3 39. Bxb3 Qxb3 40. Qxc6 Nc5 41. h4 Nd3 42. Qb5 Qc3 43. Qb1 Nxf2 44. Kxf2 Qd2+ 45. Kf1 Qxe3 0-1

[Event "FIDE Women World Rapid 2024"]
[Site "New York"]
[Date "2024.12.27"]
[Round "7.7"]
[White "Batsiashvili, Nino"]
[Black "Zhao, Xue"]
[Result "1-0"]
[ECO "D37"]
[WhiteElo "2476"]
[BlackElo "2442"]
[Annotator "ChessBase"]
[PlyCount "93"]
[EventDate "2024.12.14"]
[EventType "swiss"]
[EventCountry "USA"]
[SourceTitle "playchess.com"]
[Source "ChessBase"]
[SourceQuality "1"]
[TimeControl "900+10"]

1. d4 d5 2. c4 e6 3. Nf3 Nf6 4. Nc3 a6 5. cxd5 exd5 6. Bg5 Be6 7. Bxf6 Qxf6 8. Qb3 Ra7 9. h4 h6 10. a3 Qd8 11. Qc2 Nd7 12. O-O-O Be7 13. e4 dxe4 14. Nxe4 c6 15. Bd3 a5 16. Nc3 Nb6 17. Qe2 a4 18. Rhe1 Ra5 19. Ne5 Qxd4 20. Nxf7 Qf4+ 21. Kb1 Qxf7 22. Qxe6 Qxe6 23. Rxe6 Kf7 24. Rde1 Bf6 25. g4 Rd8 26. Bc2 g5 27. h5 Nc4 28. Nxa4 Rb5 29. Bg6+ Kg7 30. Kc1 Ne5 31. Bf5 Nd3+ 32. Bxd3 Rxd3 33. R6e3 Rd4 34. Re4 Rbd5 35. Nc3 Rc5 36. Kc2 Rd7 37. R1e3 Rf7 38. f3 Bxc3 39. bxc3 Ra5 40. a4 Ra8 41. Kb3 Rd8 42. Re6 Rf6 43. Re7+ Rf7 44. R3e6 Rd3 45. Rxf7+ Kxf7 46. Rxh6 Rxf3 47. Rg6 1-0

[Event "FIDE Women World Rapid 2024"]
[Site "New York"]
[Date "2024.12.27"]
[Round "7.7"]
[White "Nurgaliyeva, Zarina"]
[Black "Padmini, Rout"]
[Result "1/2-1/2"]
[ECO "B22"]
[WhiteElo "2263"]
[BlackElo "2339"]
[Annotator "ChessBase"]
[PlyCount "115"]
[EventDate "2024.12.14"]
[EventType "swiss"]
[EventCountry "USA"]
[SourceTitle "playchess.com"]
[Source "ChessBase"]
[SourceQuality "1"]
[TimeControl "900+10"]

1. e4 c5 2. Nf3 e6 3. c3 Nf6 4. e5 Nd5 5. d4 cxd4 6. cxd4 d6 7. Bc4 Nb6 8. Bd3 Nc6 9. O-O dxe5 10. dxe5 Nb4 11. Be4 Qxd1 12. Rxd1 N4d5 13. a4 a5 14. Nc3 Nxc3 15. bxc3 Bd7 16. Bxb7 Rb8 17. Be4 Bc5 18. Bc2 O-O 19. Ng5 h6 20. Ne4 Rfc8 21. Ba3 Bxa4 22. Bxa4 Nxa4 23. Bxc5 Nxc5 24. Nd6 Rc7 25. Rxa5 Nb3 26. Rb5 Rxb5 27. Nxb5 Rc5 28. Rd8+ Kh7 29. Nd6 Rxe5 30. f4 Rc5 31. Rc8 Ra5 32. Nxf7 Kg6 33. Nd6 Ra4 34. g3 Ra2 35. Ne4 Nd2 36. Nxd2 Rxd2 37. Rc5 Rc2 38. c4 Kf6 39. h4 g6 40. g4 Ke7 41. Rc7+ Kd6 42. Rg7 h5 43. Rxg6 hxg4 44. Rxg4 Rxc4 45. h5 Rc7 46. Kg2 Rh7 47. Rg5 Ke7 48. Kg3 Kf6 49. Kg4 Rh8 50. Rg6+ Kf7 51. Kg5 Ra8 52. Rf6+ Ke7 53. h6 Ra1 54. Rg6 Rg1+ 55. Kh5 Rh1+ 56. Kg4 Rg1+ 57. Kh5 Rh1+ 58. Kg5 1/2-1/2

[Event "FIDE Women World Rapid 2024"]
[Site "New York"]
[Date "2024.12.27"]
[Round "7.8"]
[White "Kashlinskaya, Alina"]
[Black "Tan, Zhongyi"]
[Result "1/2-1/2"]
[ECO "E45"]
[WhiteElo "2493"]
[BlackElo "2561"]
[Annotator "ChessBase"]
[PlyCount "99"]
[EventDate "2024.12.14"]
[EventType "swiss"]
[EventCountry "USA"]
[SourceTitle "playchess.com"]
[Source "ChessBase"]
[SourceQuality "1"]
[TimeControl "900+10"]

1. d4 Nf6 2. c4 e6 3. Nc3 Bb4 4. e3 b6 5. Nge2 Ba6 6. a3 Be7 7. Nf4 d5 8. cxd5 Bxf1 9. Kxf1 exd5 10. Qf3 c6 11. g4 O-O 12. g5 Ne8 13. h4 Nd6 14. b3 Na6 15. Bb2 Qd7 16. Kg2 Nc7 17. Rac1 f6 18. g6 h6 19. a4 Rfe8 20. Nce2 Ne4 21. Qh3 f5 22. Rc2 Na6 23. Nd3 Bd6 24. Rhc1 Rac8 25. f3 Nf6 26. Ne5 Bxe5 27. dxe5 Nh5 28. Nd4 Nb4 29. Nxf5 Rcd8 30. Rd2 d4 31. Rxd4 Nd5 32. Kh1 Rxe5 33. e4 Nhf4 34. Qh2 Rxf5 35. exf5 Qxf5 36. Qxf4 Qxf4 37. Rxf4 Nxf4 38. Rxc6 Rd1+ 39. Kh2 Rd2+ 40. Kg3 Nxg6 41. Bc3 Rd3 42. Rc7 Ne7 43. Rxe7 Rxc3 44. b4 Rc4 45. Rxa7 Rxb4 46. h5 Kh7 47. f4 b5 48. axb5 Rxb5 49. Kg4 Rc5 50. Rb7 1/2-1/2

[Event "FIDE Women World Rapid 2024"]
[Site "New York"]
[Date "2024.12.27"]
[Round "7.8"]
[White "Priyanka Nutakki"]
[Black "Paragua, Megan Althea"]
[Result "0-1"]
[ECO "A13"]
[WhiteElo "2296"]
[BlackElo "2185"]
[Annotator "ChessBase"]
[PlyCount "125"]
[EventDate "2024.12.14"]
[EventType "swiss"]
[EventCountry "USA"]
[SourceTitle "playchess.com"]
[Source "ChessBase"]
[SourceQuality "1"]
[TimeControl "900+10"]

1. Nf3 Nf6 2. b3 d5 3. e3 e6 4. Bb2 Be7 5. c4 O-O 6. Be2 b6 7. O-O Bb7 8. d4 Nbd7 9. Nbd2 c5 10. cxd5 Bxd5 11. Rc1 Bb7 12. Qc2 Rc8 13. Qb1 cxd4 14. Nxd4 Rxc1 15. Rxc1 Qa8 16. Bf1 Rc8 17. Rd1 Nc5 18. Nc4 Rd8 19. Qa1 Qb8 20. f3 Ncd7 21. a3 Nf8 22. b4 Ng6 23. Be2 h6 24. Qb1 Nf8 25. Nb5 Rxd1+ 26. Qxd1 Ng6 27. Bd3 a6 28. Nd4 Qc7 29. Qe2 Nf8 30. Nd2 Nd5 31. g3 Nd7 32. e4 Nc3 33. Qf1 Bf6 34. N2b3 Na4 35. Ba1 b5 36. Kg2 Ne5 37. Be2 Nc4 38. Bxc4 bxc4 39. Nc5 Nxc5 40. Qxc4 e5 41. bxc5 exd4 42. Bxd4 Bxd4 43. Qxd4 Bc6 44. h4 Qd7 45. Qc3 Bb5 46. Qc2 Qd3 47. Qxd3 Bxd3 48. Kf2 Kf8 49. Ke3 Bb5 50. Kd4 Ke7 51. Kd5 Kd7 52. f4 Bc6+ 53. Ke5 Bb7 54. h5 Ke7 55. g4 f6+ 56. Kd4 Ke6 57. f5+ Ke7 58. a4 a5 59. e5 Bf3 60. e6 Bxg4 61. Ke4 Bxh5 62. c6 Kd6 63. Kd4 0-1

[Event "FIDE Women World Rapid 2024"]
[Site "New York"]
[Date "2024.12.27"]
[Round "7.9"]
[White "Zhu, Jiner"]
[Black "Shuvalova, Polina"]
[Result "1-0"]
[ECO "B90"]
[WhiteElo "2514"]
[BlackElo "2504"]
[Annotator "ChessBase"]
[PlyCount "119"]
[EventDate "2024.12.14"]
[EventType "swiss"]
[EventCountry "USA"]
[SourceTitle "playchess.com"]
[Source "ChessBase"]
[SourceQuality "1"]
[TimeControl "900+10"]

1. e4 c5 2. Nf3 d6 3. d4 cxd4 4. Nxd4 Nf6 5. Nc3 a6 6. Be3 e5 7. Nf3 Be7 8. Nd2 Ng4 9. Nc4 Nxe3 10. Nxe3 O-O 11. Bc4 b5 12. Bb3 Nd7 13. a4 b4 14. Ncd5 Bg5 15. Nc4 Nc5 16. Ncb6 Rb8 17. Nxc8 Rxc8 18. Qe2 a5 19. O-O Nxb3 20. cxb3 Rc5 21. Rad1 Qd7 22. Rd3 Qe6 23. Qd1 Rfc8 24. Qh5 h6 25. Nb6 R8c6 26. Nc4 d5 27. Rxd5 Rxd5 28. exd5 Qxd5 29. h4 Bf6 30. Qg4 Qd3 31. Nxa5 Rd6 32. Qc8+ Rd8 33. Qc4 Qd2 34. Nc6 Rd6 35. a5 Qxb2 36. a6 Qa2 37. Nxb4 Qa3 38. Nc6 Rd7 39. b4 e4 40. Qxe4 Rc7 41. b5 Qc5 42. a7 Rc8 43. a8=Q Rxa8 44. Ne7+ Bxe7 45. Qxa8+ Kh7 46. Qc6 Qe5 47. g3 Bc5 48. Kg2 Qd4 49. Qf3 Qd7 50. Rd1 Qe6 51. Qd5 Qe7 52. Rc1 Bb6 53. Rc6 Qa7 54. Rc8 Qe7 55. Rc6 Qa7 56. Qd3+ g6 57. Qf3 h5 58. Qf6 Bd4 59. Qf4 Qd7 60. Rc7 1-0

[Event "FIDE Women World Rapid 2024"]
[Site "New York"]
[Date "2024.12.27"]
[Round "7.9"]
[White "Balabayeva, Xeniya"]
[Black "Sliwicka, Alicja"]
[Result "1-0"]
[ECO "D00"]
[WhiteElo "2315"]
[BlackElo "2346"]
[Annotator "ChessBase"]
[PlyCount "139"]
[EventDate "2024.12.14"]
[EventType "swiss"]
[EventCountry "USA"]
[SourceTitle "playchess.com"]
[Source "ChessBase"]
[SourceQuality "1"]
[TimeControl "900+10"]

1. d4 Nf6 2. Nf3 d5 3. Bf4 g6 4. e3 Bg7 5. h3 O-O 6. Nc3 c6 7. Be2 b5 8. a4 b4 9. Na2 a5 10. Nc1 c5 11. dxc5 Nc6 12. Nd4 Bb7 13. Bb5 Rc8 14. Ncb3 Nh5 15. Bh2 Na7 16. O-O Nf6 17. Be5 Ne4 18. Bxg7 Kxg7 19. f4 e6 20. Nf3 Nc6 21. Bxc6 Bxc6 22. Qd4+ f6 23. Ng5 Re8 24. Nxe4 dxe4 25. Rfd1 Qc7 26. Qd6 Bd5 27. Rac1 Red8 28. Qxc7+ Rxc7 29. Nxa5 Ra8 30. Nb3 Rxa4 31. Rd4 Ra2 32. Rxb4 Rxb2 33. Rb5 Ra7 34. Nd4 Rxb5 35. Nxb5 Ra5 36. c4 Bc6 37. Nd4 Bd7 38. c6 Bc8 39. Nb5 Ra6 40. c7 Rc6 41. c5 Kf8 42. Rd1 Ke7 43. Rd8 Ba6 44. Rh8 Rxc5 45. Rxh7+ Kf8 46. Nd6 Kg8 47. Re7 Rc6 48. c8=Q+ Bxc8 49. Re8+ Kg7 50. Nxc8 Kf7 51. Rd8 Rc3 52. Kf2 Rc2+ 53. Ke1 Rxg2 54. Rd7+ Kf8 55. Nd6 Rg3 56. Kf2 Rxh3 57. Nxe4 Rh2+ 58. Kg3 Re2 59. Kf3 Ra2 60. Nxf6 Ra5 61. Rc7 Rf5 62. Nh7+ Kg8 63. e4 Ra5 64. Ng5 e5 65. fxe5 Rxe5 66. Kf4 Ra5 67. e5 Kf8 68. Ne4 Ra4 69. e6 Rd4 70. Ke5 1-0

[Event "FIDE Women World Rapid 2024"]
[Site "New York"]
[Date "2024.12.27"]
[Round "7.10"]
[White "Dzagnidze, Nana"]
[Black "Fataliyeva, Ulviyya"]
[Result "1-0"]
[ECO "E00"]
[WhiteElo "2518"]
[BlackElo "2381"]
[Annotator "ChessBase"]
[PlyCount "65"]
[EventDate "2024.12.14"]
[EventType "swiss"]
[EventCountry "USA"]
[SourceTitle "playchess.com"]
[Source "ChessBase"]
[SourceQuality "1"]
[TimeControl "900+10"]

1. d4 Nf6 2. c4 e6 3. Bg5 c5 4. d5 exd5 5. cxd5 Qb6 6. Nc3 Qxb2 7. Rc1 Bd6 8. Nf3 O-O 9. Bxf6 gxf6 10. e3 Bc7 11. Nd2 Ba5 12. Rc2 Qb6 13. Bd3 f5 14. Bxf5 Qf6 15. Qh5 Qg7 16. O-O d6 17. Nce4 Nd7 18. Nc4 Bc7 19. Ncxd6 Bxd6 20. Nxd6 Nf6 21. Qh4 Bd7 22. Rxc5 Kh8 23. Bxd7 Nxd7 24. Rc7 Ne5 25. Qh5 Rad8 26. Nf5 Qf6 27. e4 Rg8 28. Rxb7 Rg5 29. Qe2 Rdg8 30. g3 Ng4 31. Qb2 Re8 32. Qxf6+ Nxf6 33. Nd6 1-0